 Dungeon Crawl Stone Soup version 0.31.0-32-g396128a36d (webtiles) character file.

Game seed: 16105970204684970985

23198 Marvel the Severer (level 13, -3/119 HPs)
             Began as a Hill Orc Fighter on Mar 28, 2024.
             Was a High Priest of Beogh.
             Slain by a skeletal warrior
             ... wielding a +0 dire flail
              (22 damage)
             ... on level 12 of the Dungeon.
             The game lasted 00:34:08 (14203 turns).

Marvel the Severer (Hill Orc Fighter)              Turns: 14203, Time: 00:34:08

Health: -3/119     AC: 13    Str: 22    XL:     13   Next: 5%
Magic:  13/13      EV:  9    Int:  8    God:    Beogh [*****.]
Gold:   509        SH: 12    Dex: 10    Spells: 12/12 levels left

rFire   + + .        a - +1 war axe (elec)
rCold   + . .        w - +1 kite shield {AC+3}
rNeg    . . .        b - +0 scale mail
rPois   .            (no helmet)
rElec   .            k - +0 cloak
rCorr   +            (no gloves)
SInv    +            (no boots)
Will    .....        D - amulet of regeneration
Stlth   x              - ring of flight
HPRegen 1.19/turn    H - ring "Dodd" {rF++ rC+ rCorr Str-2 SInv}
MPRegen 0.13/turn

%: no passive effects
@: about to teleport, fragile (+50% incoming damage), flying
A: walk on water
a: Renounce Religion, Smiting, Recall Orcish Followers, Give Item to Named
Follower


You were on level 12 of the Dungeon.
You worshipped Beogh.
Beogh was extremely pleased with you.
You visited 2 branches of the dungeon, and saw 13 of its levels.

You collected 1467 gold pieces.
You spent 958 gold pieces at shops.

Inventory:

Hand Weapons
 a - a +1 war axe of electrocution (weapon)
 f - a +4 dagger of freezing
 t - a +0 dagger of venom
Missiles
 c - 8 boomerangs (quivered)
 n - 2 throwing nets
Armour
 b - a +0 scale mail (worn)
 k - a +0 cloak (worn)
 w - a +1 kite shield of protection (worn)
Jewellery
 e - an amulet of guardian spirit
 x - a ring of flight (left hand)
 D - an amulet of regeneration (around neck)
 H - the ring "Dodd" (right hand) {rF++ rC+ rCorr Str-2 SInv}
   (You bought it in a shop on level 8 of the Dungeon)

   [ring of resist corrosion]

   Str-2:     It affects your strength (-2).
   rF++:      It greatly protects you from fire.
   rC+:       It protects you from cold.
   SInv:      It lets you see invisible.
   rCorr:     It protects you from acid and corrosion.
 J - the amulet "Askuinti" {Harm rElec Regen+}
   (You found it on level 12 of the Dungeon)

   [amulet of regeneration]

   rElec:     It insulates you from electricity.
   Regen+:    It increases your rate of health regeneration.
   Harm:      It increases damage dealt and taken.
 K - an amulet of reflection
Wands
 l - a wand of mindburst (12)
 m - a wand of flame (24)
 B - a wand of roots (22)
 L - a wand of digging (1)
 M - a wand of charming (1)
Scrolls
 h - a scroll of silence {unknown}
 i - 7 scrolls of revelation
 o - a scroll of enchant armour
 p - a scroll of vulnerability
 q - a scroll of amnesia
 r - 2 scrolls of noise
 s - 2 scrolls of brand weapon
 y - 4 scrolls of teleportation
 z - 2 scrolls of fear
 A - a scroll of torment
 I - a scroll of blinking {unknown}
Potions
 d - 3 potions of heal wounds
 g - 2 potions of enlightenment
 j - 3 potions of curing
 u - 2 potions of degeneration
 v - 5 potions of brilliance
 C - 2 potions of might
 E - a potion of lignification
 F - a potion of haste
 G - a potion of berserk rage


   Skills:
 + Level 12.9 Fighting
 + Level 17.1 Axes
 + Level 1.1 Throwing
 + Level 11.7 Armour
 - Level 1.0 Dodging
 + Level 11.5 Shields


You had 12 spell levels left.
You didn't know any spells.
Your spell library contained the following spells:

 Spells                   Type           Power      Damage    Failure   Level
 Foxfire                  Conj/Fire      0%         2x1d4     85%         1
 Sandblast                Erth           0%         2d4       85%         1
 Cigotuvi's Dreadful Rot  Necr/Alch/Air  0%         N/A       94%         2
 Call Canine Familiar     Summ           0%         N/A       99%         3
 Passwall                 Erth           0%         N/A       99%         3
 Sigil of Binding         Hex            0%         N/A       99%         3
 Stone Arrow              Conj/Erth      0%         3d7       99%         3
 Brom's Barrelling Bould  Conj/Erth      0%         2d3       100%        4
 Dimensional Bullseye     Hex/Tloc       0%         N/A       100%        4
 Ignite Poison            Fire/Alch      0%         N/A       100%        4
 Freezing Cloud           Conj/Ice/Air   0%         6-21      100%        5
 Plasma Beam              Fire/Air       0%         2x1d10    100%        6
 Starburst                Conj/Fire      0%         6d3       100%        6


Dungeon Overview and Level Annotations

Branches:
Dungeon (12/15)            Temple (0/1) D:7            Lair (0/5) D:11
    Orc (1/2) D:9

Altars:
Ashenzari
Elyvilon
Makhleb
Nemelex Xobeh
Ru
Sif Muna
Vehumet

Shops:
D:3 [   D:8 ?=[[

Annotations:
D:8 6 transporters
D:10 2 transporters, exclusion: oklob plant, Scypier's ghost, journeyman GnSh


Message History

You resist with significant effort.
The vampire hits you but does no damage.
The vampire closely misses you.
You hit the great orb of eyes but do no damage.
The great orb of eyes is severely wounded.
You barely miss the vampire. You hit the skeletal warrior.
The skeletal warrior hits you but does no damage.
The vampire closely misses you. The vampire bites you.
The vampire draws strength from your injuries!
The great orb of eyes gazes at you.
Your body becomes as fragile as glass!
You slash the great orb of eyes!
Lightning courses through the great orb of eyes!
You kill the great orb of eyes!
Beogh accepts your kill.
You slash the vampire! You hit the skeletal warrior.
The unseen horror hits you but does no damage.
You block the skeletal warrior's attack.
The vampire hits you but does no damage.
You block the vampire's attack.
You closely miss the unseen horror. You hit the vampire but do no damage.
You hit the skeletal warrior. The unseen horror hits you. The vampire hits you.
You block the vampire's attack.
The skeletal warrior hits you with a +0 dire flail!
You hit the vampire but do no damage.
The vampire is heavily damaged.
You closely miss the skeletal warrior. You closely miss the skeletal warrior.
The skeletal warrior is lightly damaged.
You hit the vampire. You hit the unseen horror. The unseen horror hits you!
The vampire draws life force from you!
The vampire is healed by the life force!
The skeletal warrior hits you with a +0 dire flail!!
* * * LOW HITPOINT WARNING * * *
As you read the scroll of teleportation, it crumbles to dust.
You feel strangely unstable. The unseen horror closely misses you.
You block the vampire's attack.
The vampire bites you but does no damage.
The skeletal warrior hits you with a +0 dire flail!
You die...

.#...†...#+###....#,,⌠,,,*
##....#........#..+,,,,,,*
#....##....#..##..#,,,,,,*
#.........##......+,,,,,,*
...........o......#,,,,,**
.##...........#####*******
.#..........'''..#*####=,*
..........###....#......,*
......).#####..8@V......,*
......'''..##...z'x.....,*
....###....##.8..'......,*
..###...8..##....##.....**
.##........##..###*#...#*
################ *####
#######********
...8..8,,,,,,,*
.......,,,,,***


You could see a skeletal warrior, an unseen horror (invisible), a vampire
(invisible) and the friendly Orbeogh the orc priest.

Vanquished Creatures
  2 great orbs of eyes (D:12)
  A centaur warrior (D:12)
  A two-headed ogre (D:11)
  5 skeletal warriors
  An oklob plant (D:11)
  An ugly thing (D:12)
  4 gargoyles
  4 unseen horrors (D:12)
  2 freezing wraiths (D:12)
  3 trolls
  Prince Ribbit (D:5)
  5 slime creatures (D:12)
  A shadow (D:12)
  2 wraiths
  12 yaks
  2 vampires (D:12)
  6 vampire mosquitoes
  A water moccasin (D:5)
  A black bear (D:7)
  5 ice beasts
  4 orc warriors
  3 sky beasts
  3 centaurs
  3 ogres
  A phantom (D:5)
  2 kobold brigands (D:8)
  Blork the orc (D:5)
  3 bullfrogs
  A gnoll sergeant (D:9)
  4 scorpions
  6 wights
  13 killer bees
  2 vampire bats (Orc:1)
  2 howler monkeys
  4 bombardier beetles
  A gnoll bouda (D:6)
  A hound (D:4)
  2 jellies
  5 sleepcaps
  3 orc priests (D:8)
  Jessica (D:2)
  Terence (D:2)
  4 iguanas
  7 orc wizards
  8 gnolls
  10 adders
  2 shadow imps
  A white imp (D:6)
  8 dart slugs
  2 ribbon worms
  21 orcs
  15 bats
  6 endoplasms
  5 giant cockroaches
  9 goblins
  14 hobgoblins
  6 jackals
  20 kobolds
  5 quokkas
  7 ball pythons
  3 frilled lizards
  6 rats
285 creatures vanquished.

Vanquished Creatures (collateral kills)
  2 boulder beetles (D:11)
  Lodul (D:11)
  A skeletal warrior (D:12)
  An ugly thing (D:11)
  3 cyclopes
  3 gargoyles
  2 trolls (Orc:1)
  A hornet (D:10)
  3 slime creatures (D:12)
  A wraith (D:11)
  4 yaks
  A steam dragon (D:10)
  2 vampire mosquitoes
  2 acid dragons (D:11)
  An orc warrior (D:10)
  4 ogres (D:11)
  A kobold brigand (D:11)
  A killer bee (D:10)
  A howler monkey (D:11)
  An orc wizard (Orc:1)
  6 orcs
42 creatures vanquished.

Vanquished Creatures (others)
  An orc knight (D:12)
  2 orc wizards
  2 orc warriors (D:10)
  3 orc priests
  A dart slug (D:5)
  8 orcs
17 creatures vanquished.

Grand Total: 344 creatures vanquished

Notes
Turn   | Place    | Note
-------+----------+-------------------------------------------
     0 | D:1      | Marvel the Hill Orc Fighter began the quest for the Orb.
     0 | D:1      | Reached XP level 1. HP: 19/19 MP: 1/1
   180 | D:1      | Reached XP level 2. HP: 26/27 MP: 2/2
   298 | D:1      | Reached skill level 3 in Axes
   347 | D:1      | Reached XP level 3. HP: 33/33 MP: 3/3
  1058 | D:2      | Noticed Jessica
  1068 | D:2      | Killed Jessica
  1069 | D:2      | Reached skill level 4 in Axes
  1069 | D:2      | Reached XP level 4. HP: 27/41 MP: 4/4
  1452 | D:2      | Reached XP level 5. HP: 47/47 MP: 5/5
  1462 | D:2      | Noticed Terence
  1477 | D:2      | Killed Terence
  1478 | D:2      | Reached skill level 5 in Axes
  1763 | D:3      | Found Nupnurin's Armour Shop.
  2152 | D:3      | Found a faded altar of an unknown god.
  2555 | D:4      | Reached skill level 6 in Axes
  2555 | D:4      | Reached XP level 6. HP: 34/53 MP: 6/6
  2912 | D:4      | Reached skill level 5 in Armour
  3367 | D:4      | Reached skill level 1 in Dodging
  3367 | D:4      | Reached XP level 7. HP: 56/60 MP: 7/7
  3486 | D:4      | Reached skill level 7 in Axes
  3620 | D:4      | Reached skill level 5 in Fighting
  3837 | D:5      | Entered Level 5 of the Dungeon
  4192 | D:5      | Noticed Blork the orc
  4194 | D:5      | Reached skill level 11 in Axes
  4194 | D:5      | Reached XP level 8. HP: 78/78 MP: 8/8
  4207 | D:5      | Killed Blork the orc
  4249 | D:5      | Became a worshipper of Beogh the Brigand
  4252 | D:5      | Reached XP level 9. HP: 18/83 MP: 2/9
  5020 | D:5      | Noticed Prince Ribbit
  5027 | D:5      | Killed Prince Ribbit
  5082 | D:5      | Found a sparkling altar of Nemelex Xobeh.
  5210 | D:5      | Found a burning altar of Makhleb.
  5210 | D:5      | Found a broken altar of Ashenzari.
  5695 | D:6      | Reached skill level 12 in Axes
  5980 | D:6      | Found a shimmering blue altar of Sif Muna.
  6078 | D:6      | Reached * piety under Beogh
  6735 | D:7      | Found a staircase to the Ecumenical Temple.
  7049 | D:7      | Reached XP level 10. HP: 77/93 MP: 8/10
  7344 | D:7      | Found a radiant altar of Vehumet.
  7530 | D:8      | Reached ** piety under Beogh
  7713 | D:8      | Reached skill level 10 in Fighting
  7834 | D:8      | Found Mack's Jewellery Shoppe.
  7842 | D:8      | Found a transporter.
  7863 | D:8      | Found a transporter.
  7864 | D:8      | Found a transporter.
  7974 | D:8      | Reached skill level 13 in Axes
  8025 | D:8      | Found Ohykkot's Armour Boutique.
  8120 | D:8      | Found Ycwuo's Magic Scroll Boutique.
  8123 | D:8      | Bought a scroll of teleportation for 45 gold pieces
  8123 | D:8      | Bought a scroll of identify for 30 gold pieces
  8167 | D:8      | Found a sacrificial altar of Ru.
  8293 | D:8      | Found a transporter.
  8298 | D:8      | Found a transporter.
  8328 | D:8      | Found Qadaes's Armour Boutique.
  8439 | D:8      | Bought a +1 kite shield of protection for 214 gold pieces
  8665 | D:8      | Found a transporter.
  9155 | D:9      | Reached *** piety under Beogh
  9646 | D:9      | Reached skill level 10 in Armour
  9726 | D:9      | Found a staircase to the Orcish Mines.
  9791 | D:9      | Reached skill level 14 in Axes
  9791 | D:9      | Reached XP level 11. HP: 62/101 MP: 7/11
 10070 | Orc:1    | Entered Level 1 of the Orcish Mines
 10542 | D:10     | Entered Level 10 of the Dungeon
 10542 | D:10     | Found a transporter.
 10610 | D:10     | Noticed a two-headed ogre
 10611 | D:10     | Noticed Scypier's ghost (journeyman GnSh)
 10616 | D:10     | Found a transporter.
 10616 | D:10     | Noticed an oklob plant
 10616 | D:10     | Noticed a cyclops
 10616 | D:10     | Noticed a two-headed ogre
 10646 | D:10     | Gained Bogwik as an ally
 10669 | D:10     | Identified the +4 ring mail of Subjectivity {rF+}
 10826 | D:10     | Found a white marble altar of Elyvilon.
 11260 | D:11     | Noticed a two-headed ogre
 11260 | D:11     | Noticed Lodul
 11434 | D:11     | Noticed a boulder beetle
 11450 | D:11     | Killed a boulder beetle
 11527 | D:11     | Killed Lodul
 11528 | D:11     | Reached skill level 15 in Axes
 11535 | D:11     | Reached **** piety under Beogh
 11686 | D:11     | Noticed a skeletal warrior
 11694 | D:11     | Killed a skeletal warrior
 11702 | D:11     | Noticed a cyclops
 11712 | D:11     | Killed a cyclops
 11957 | D:11     | Noticed a boulder beetle
 11966 | D:11     | Killed a boulder beetle
 11989 | D:11     | Noticed a cyclops
 11992 | D:11     | Killed a cyclops
 12026 | D:11     | Reached skill level 10 in Shields
 12108 | D:11     | Found a staircase to the Lair.
 12112 | D:11     | Noticed an oklob plant
 12119 | D:11     | Killed an oklob plant
 12282 | D:11     | Noticed a red ugly thing
 12288 | D:11     | Killed a red ugly thing
 12612 | D:11     | Killed a two-headed ogre
 12613 | D:11     | Reached XP level 12. HP: 82/110 MP: 9/12
 12717 | D:12     | Reached skill level 16 in Axes
 12935 | D:12     | HP: 3/111 [large slime creature (30)]
 12945 | D:12     | Your ally Bogwik died
 13605 | D:8      | Bought the ring "Dodd" {rF++ rC+ rCorr Str-2 SInv} for 669
                  | gold pieces
 13699 | D:12     | Noticed a centaur warrior
 13836 | D:12     | Reached ***** piety under Beogh
 13890 | D:12     | Killed a centaur warrior
 13977 | D:12     | Reached skill level 1 in Throwing
 13993 | D:12     | Gained Orbeogh as an ally
 13997 | D:12     | Noticed a great orb of eyes
 14009 | D:12     | Killed a great orb of eyes
 14010 | D:12     | Reached skill level 17 in Axes
 14101 | D:12     | Identified the amulet "Askuinti" {Harm rElec Regen+}
 14163 | D:12     | Reached XP level 13. HP: 116/119 MP: 13/13
 14187 | D:12     | Noticed a great orb of eyes
 14199 | D:12     | Killed a great orb of eyes
 14203 | D:12     | Slain by a skeletal warrior

Illustrated notes

Levels and vault maps discovered:
D:1:      dpeg_arrival_tiny_g, layout_loops_ring, corner_web_ring, minivault_25
D:2:      minmay_spotlight, layout_loops_ring, uniq_terence, uniq_jessica
D:3:      layout_basic, shapermc_ecumenical_altar_pompeii, serial_shops,
          nicolae_square_shop, reono_crystal_passage
D:4:      wad_river_or_something, layout_basic
D:5:      kennysheep_slugbush, layout_loops_corners,
          gammafunk_temple_overflow_elements, minmay_ruined_shrine,
          uniq_prince_ribbit1, uniq_blork_the_orc
D:6:      layout_loops_ring, tgw_sif, chequers_mini_garden, minmay_crossroads
D:7:      layout_basic, vehumet_crystals, minmay_temple_entry_glassed_door,
          corexii_leaking_fountain
D:8:      layout_basic, lemuel_crystal_altar, enter_bailey_4, serial_shops,
          shop, nicolae_stop_n_shop_1, shop, nicolae_shop_rolled_up,
          serial_nicolae_subway, nicolae_sub_station_stone,
          nicolae_sub_station_crystal, nicolae_sub_station_metal
D:9:      layout_stronghold, orc_0_dummy, nicolae_twisty_statue_hallways
D:10:     layout_loops_ring, mainiacjoe_overflow_brackets, nzn_ghost_randoct,
          minmay_fractal_squares_5
D:11:     kennysheep_blocky_room, layout_cave_pools, dpeg_oklobed_lair,
          uniq_lodul
D:12:     regret_index_all_hallows'_manor, layout_rooms
Orc:1:    layout_caves, roderic_batcave

Skill      XL: |  1  2  3  4  5  6  7  8  9 10 11 12 |
---------------+-------------------------------------+-----
Fighting       | 4 9 10 11 12 | 12.9
Axes           | 3 4 6 11 12 14 15 17 | 17.1
Armour         | 4 5 8 9 10 11 | 11.7
Dodging        | 1 |  1.0
Shields        | 7 8 10 11 | 11.5
Throwing       | 1 |  1.1

Action                     |  1- 3 |  4- 6 |  7- 9 | 10-12 | 13-15 || total
---------------------------+-------+-------+-------+-------+-------++-------
  Melee: War axe           |   106 |   185 |   265 |   500 |    14 ||  1070
  Throw: Boomerang         |       |       |       |     6 |       ||     6
 Invoke: Convert to Beogh  |       |       |     1 |       |       ||     1
    Use: Potion            |       |     1 |     6 |     1 |       ||     8
         Scroll            |       |       |       |    18 |     1 ||    19
   Stab: Distracted        |       |       |       |     1 |       ||     1
 Armour: Scale mail        |    75 |   129 |   172 |   349 |    18 ||   743
         Skin              |       |       |    19 |       |       ||    19
  Dodge: Dodged            |    61 |    74 |    80 |   175 |     7 ||   397
  Block: Buckler           |    26 |    34 |    54 |    25 |       ||   139
         Kite shield       |       |       |       |   242 |     9 ||   251
